[Event "Team 45 45 League T69"]
[Site "Internet Chess Club"]
[Date "2016.07.13"]
[Round "5"]
[White "Constrictor"]
[Black "scostanzo212"]
[Result "1/2-1/2"]
[WhiteElo "1573"]
[BlackElo "1528"]
[Opening "Sicilian: Canal-Sokolsky (Nimzovich-Rossolimo, Moscow) attack"]
[ECO "B51"]
[Time "21:02:57"]
[TimeControl "2700+45"]

1. e4 c5 2. Nf3 d6 3. Bb5+ Nd7 4. O-O a6 5. Bxd7+ Bxd7 6. d4 cxd4 7. Qxd4 e5 8.
Qd3 Nf6 9. c4 b5 10. c5 Bc6 11. cxd6 Bxe4 12. Qe2 Bxd6 13. Rd1 Qc7 14. Bg5 Qc6
15. Bxf6 gxf6 16. Rxd6 Qxd6 17. Qxe4 Rd8 18. Nc3 Qe6 19. g3 {Game drawn by
mutual agreement} 1/2-1/2

[Event "Team 45 45 League T69"]
[Site "Internet Chess Club"]
[Date "2016.07.11"]
[Round "5"]
[White "RD1974"]
[Black "andrew37"]
[Result "1-0"]
[WhiteElo "1718"]
[BlackElo "1726"]
[Opening "French: King's Indian attack"]
[ECO "C00"]
[Time "18:09:31"]
[TimeControl "2700+45"]

1. e4 e6 2. d3 d5 3. Nd2 Nf6 4. Ngf3 dxe4 5. dxe4 Nc6 6. a3 a5 7. Bd3 Bc5 8. O-O
e5 9. h3 Qe7 10. Qe2 O-O 11. c3 a4 12. Nc4 h6 13. Ne3 Bxe3 14. Bxe3 b6 15. Nd2
Na5 16. f4 exf4 17. Rxf4 Re8 18. Bd4 Nh7 19. Qf2 c5 20. Be3 Be6 21. Rf1 Rad8 22.
Qe2 Rf8 23. e5 Bd7 24. Bxh7+ Kxh7 25. Ne4 Qxe5 26. Nf6+ Kh8 27. Re4 Qd6 28. Rh4
Bf5 29. Bxh6 gxh6 30. Rxh6+ Kg7 31. Qh5 Qxf6 32. Rxf6 Kxf6 33. Qxf5+ Ke7 34.
Re1+ Kd6 35. Qf6+ Kc7 36. Re7+ Rd7 37. Rxd7+ Kxd7 38. Qxb6 Nc6 39. Qxc5 Re8 40.
Qd5+ Kc7 41. Qxf7+ Re7 42. Qf4+ Kd7 43. Qxa4 Kd6 44. b4 Re1+ 45. Kh2 Ne5 46.
Qa6+ Kd5 47. Qb7+ Kc4 48. Qc7+ Kd3 49. b5 Re2 50. b6 Nf3+ 51. Kg3 Ne5 52. b7
Re3+ 53. Kf4 Ng6+ 54. Kg5 {Black resigns} 1-0

[Event "Team 45 45 League T69"]
[Site "Internet Chess Club"]
[Date "2016.07.07"]
[Round "5"]
[White "FrankNautilus"]
[Black "noblitz-oblige"]
[Result "1-0"]
[WhiteElo "1745"]
[BlackElo "1455"]
[Opening "Vienna game"]
[ECO "C26"]
[Time "20:00:33"]
[TimeControl "2700+45"]

1. e4 e5 2. Nc3 Nf6 3. Bc4 a6 4. Nf3 Nc6 5. O-O Be7 6. a3 O-O 7. d4 exd4 8. Nxd4
Ne5 9. Be2 d5 10. exd5 Nxd5 11. Nxd5 Qxd5 12. Nf5 Nf3+ 13. Bxf3 Qxf5 14. Re1 Bc5
15. Qd5 Qxc2 16. Re2 Qf5 17. Re5 Bxf2+ 18. Kxf2 Qf6 19. Bg5 Qb6+ 20. Kg3 Qxb2
21. Rae1 c6 22. Qe4 Bd7 23. Be7 Rfe8 24. Bb4 f5 25. Rxe8+ Rxe8 26. Qc4+ Kh8 27.
Rxe8+ Bxe8 28. Qc5 Qf6 29. Bc3 f4+ 30. Kf2 Qf7 31. Bh5 Qg8 32. Bxe8 Qxe8 33. Kf3
Qf7 34. Qd6 Kg8 35. Qb8+ Qf8 36. Qxf8+ Kxf8 37. Kxf4 Kf7 38. Bd4 g6 39. Ke5 Ke7
40. Bc5+ {Black resigns} 1-0

[Event "Team 45 45 League T69"]
[Site "Internet Chess Club"]
[Date "2016.07.10"]
[Round "5"]
[White "chesskix"]
[Black "isolani"]
[Result "1/2-1/2"]
[WhiteElo "1521"]
[BlackElo "1465"]
[Opening "English opening"]
[ECO "A05"]
[Time "15:01:37"]
[TimeControl "2700+45"]

1. Nf3 Nf6 2. c4 g6 3. Nc3 Bg7 4. g3 O-O 5. Bg2 d6 6. O-O e5 7. d3 Nbd7 8. Rb1
Re8 9. Ng5 Nf8 10. h3 c6 11. Bd2 Ne6 12. Nxe6 Bxe6 13. b3 d5 14. cxd5 cxd5 15.
Bg5 Qd7 16. Bxf6 Bxf6 17. e4 d4 18. Nd5 Bxd5 19. exd5 Rac8 20. h4 Bg7 21. Kh2
Rc3 22. Qd2 Qb5 23. Rfd1 Rec8 24. Rbc1 f5 25. d6 Qd7 26. Bd5+ Kf8 27. Bc4 Rxc1
28. Rxc1 Qxd6 29. Re1 a6 30. a4 Qa3 31. Qg5 Qe7 {Game drawn by mutual agreement}
1/2-1/2

[Event "Team 45 45 League T69"]
[Site "Internet Chess Club"]
[Date "2016.07.08"]
[Round "5"]
[White "JefferyChess"]
[Black "Pomberito"]
[Result "1-0"]
[WhiteElo "1956"]
[BlackElo "2061"]
[Opening "French defense"]
[ECO "C01"]
[Time "13:04:55"]
[TimeControl "2700+45"]

1. e4 e6 2. d4 b6 3. Bd3 Bb7 4. Nd2 g6 5. Ngf3 Bg7 6. Nb3 Ne7 7. Be3 d6 8. Qd2
h6 9. c4 c5 10. d5 e5 11. Qc2 O-O 12. Qd2 Kh7 13. h4 f5 14. g3 b5 15. cxb5 Nxd5
16. exd5 e4 17. Be2 exf3 18. Bxf3 Nd7 19. O-O Ne5 20. Be2 c4 21. Na5 Bxd5 22.
Qxd5 Qxa5 23. Bxc4 Rac8 24. Bb3 Qb4 25. a3 Qg4 26. Bd1 Qh3 27. Qg2 Qxg2+ 28.
Kxg2 Nc4 29. Bxa7 Bxb2 30. Ra2 Ra8 31. b6 Bd4 32. Bf3 Rxa7 33. bxa7 Bxa7 34. Rc2
Ne5 35. Rc7+ Rf7 36. Rfc1 Bc5 37. Rxf7+ Nxf7 38. a4 Ne5 39. a5 Nd3 40. Rxc5
{Black resigns} 1-0

[Event "Team 45 45 League T69"]
[Site "Internet Chess Club"]
[Date "2016.07.08"]
[Round "5"]
[White "Freitac"]
[Black "TheRailgun"]
[Result "0-1"]
[WhiteElo "1955"]
[BlackElo "1901"]
[Opening "King's Indian: 5.Nf3"]
[ECO "E90"]
[Time "19:30:28"]
[TimeControl "2700+45"]

1. d4 Nf6 2. c4 g6 3. Nc3 Bg7 4. e4 d6 5. Nf3 O-O 6. h3 c5 7. d5 Nbd7 8. Be3 a6
9. Qd2 Qa5 10. Bd3 b5 11. cxb5 axb5 12. Nxb5 Nxe4 13. Qxa5 Rxa5 14. a4 Nef6 15.
Bd2 Ra8 16. Nc7 Ra7 17. Nb5 Rb7 18. a5 Nxd5 19. a6 Rb8 20. a7 Ra8 21. O-O Bb7
22. Rfb1 Bc6 23. Ra6 Bxb5 24. Bxb5 Nc7 25. Ra5 Nxb5 26. Rxb5 Rxa7 27. Bc3 e5 28.
Rd1 Ra6 29. Rb7 Nf6 30. Nd2 Nd5 31. Ne4 Nxc3 32. bxc3 f5 33. Nxd6 Rd8 34. Rxg7+
Kxg7 35. Nxf5+ gxf5 36. Rxd8 Ra1+ 37. Kh2 Rc1 38. Rd3 c4 39. Re3 Kf6 40. Kg3 f4+
{White resigns} 0-1

[Event "Team 45 45 League T69"]
[Site "Internet Chess Club"]
[Date "2016.07.11"]
[Round "5"]
[White "LucaTrapani"]
[Black "primerpaso"]
[Result "0-1"]
[WhiteElo "1846"]
[BlackElo "1812"]
[Opening "Nimzo-Indian: Kmoch variation"]
[ECO "E24"]
[Time "18:00:25"]
[TimeControl "2700+45"]

1. d4 Nf6 2. c4 e6 3. Nc3 Bb4 4. f3 c5 5. a3 Bxc3+ 6. bxc3 Nc6 7. d5 Na5 8. e4
e5 9. Bd3 b6 10. f4 d6 11. fxe5 dxe5 12. h3 Nxe4 13. Nf3 Ng3 14. Rg1 e4 15. Bf4
exd3 16. Bxg3 Bf5 17. Kf2 O-O 18. Nd2 Qf6 19. Qf3 Qxc3 20. Rgd1 Qd4+ 21. Qe3
Qxe3+ 22. Kxe3 Rfe8+ 23. Kf4 Bg6 24. Re1 f6 25. Rxe8+ Rxe8 26. Re1 Rxe1 27. Bxe1
Kf7 28. g4 Ke7 29. Bh4 h6 30. Bg3 Bh7 31. h4 g5+ 32. hxg5 hxg5+ 33. Ke3 Nb7 34.
Bb8 a6 35. a4 Kd7 36. Ne4 Bxe4 {White resigns} 0-1

[Event "Team 45 45 League T69"]
[Site "Internet Chess Club"]
[Date "2016.07.07"]
[Round "5"]
[White "Heian"]
[Black "charles-allen"]
[Result "0-1"]
[WhiteElo "1695"]
[BlackElo "1860"]
[Opening "Petrov three knights game"]
[ECO "C42"]
[Time "20:00:34"]
[TimeControl "2700+45"]

1. e4 e5 2. Nf3 Nf6 3. Nc3 Bb4 4. Bc4 O-O 5. O-O d6 6. Nd5 Nxd5 7. Bxd5 c6 8.
Bc4 Be6 9. Qe2 Nd7 10. a4 d5 11. Ba2 Bd6 12. d3 h6 13. h3 Qe7 14. Bd2 Nb6 15. a5
Nd7 16. c3 Rfe8 17. Bb1 Nc5 18. Bc2 dxe4 19. dxe4 Nb3 20. Bxb3 Bxb3 21. Nh2 b5
22. Qh5 Rad8 23. Be3 Bc5 24. Ng4 Bxe3 25. fxe3 Qg5 26. Qxg5 hxg5 27. Rf5 f6 28.
Raf1 Be6 29. R5f2 Bxg4 30. hxg4 Rd3 31. Re2 Red8 32. Kf2 c5 33. Rc1 c4 34. g3
Kf7 35. Ra1 a6 36. Rh1 Rd1 37. Rxd1 Rxd1 38. Re1 Rxe1 39. Kxe1 Ke6 40. Kd2 Kd6
41. Kc2 Kc5 42. b4+ cxb3+ 43. Kxb3 g6 44. Kb2 Kc4 45. Kc2 b4 46. cxb4 Kxb4 47.
Kd3 Kxa5 48. Kc4 Kb6 49. Kd5 a5 50. Ke6 a4 51. Kxf6 a3 52. Kxe5 a2 53. Kf6 a1=Q+
54. Kxg5 Qe5+ 55. Kh6 Qxe4 56. g5 Qxe3 57. Kxg6 Qxg3 58. Kh6 Qf4 59. Kh5 Qf8 60.
Kg6 Qg8+ 61. Kh6 Kc6 62. g6 Kd6 63. Kg5 Ke6 {White resigns} 0-1

[Event "Team 45 45 League T69"]
[Site "Internet Chess Club"]
[Date "2016.07.08"]
[Round "5"]
[White "Knight8700"]
[Black "LarsenB"]
[Result "1-0"]
[WhiteElo "1937"]
[BlackElo "1811"]
[Opening "Benoni defense"]
[ECO "A56"]
[Time "12:00:36"]
[TimeControl "2700+45"]

1. d4 Nf6 2. c4 c5 3. d5 a6 4. Nc3 e6 5. e4 exd5 6. exd5 d6 7. Be2 Bf5 8. Nf3
Be7 9. O-O O-O 10. a3 Nbd7 11. b4 Qc7 12. Nh4 Be4 13. f3 Bg6 14. Nxg6 hxg6 15.
Be3 cxb4 16. axb4 Ne5 17. Na4 Nxc4 18. Bxc4 Qxc4 19. Nb6 Qxb4 20. Nxa8 Rxa8 21.
Qd3 Rc8 22. Rfb1 Qc3 23. Qxc3 Rxc3 24. Bg5 Rc7 25. Ra5 Kf8 26. Kf1 Nd7 27. Bxe7+
Kxe7 28. Ra2 Nc5 29. Kf2 b5 30. Ra5 Kf6 31. Rd1 Rb7 32. Ke3 Rb6 33. Rda1 Ke5 34.
Rd1 g5 35. g3 Na4 36. f4+ gxf4+ 37. gxf4+ Kf5 38. Rc1 Nc5 39. Rb1 g6 40. Rb4 Nd7
41. Kd4 Kxf4 42. Ra1 Kg5 43. Rb2 f5 44. Rba2 Nc5 45. Rg1+ Kf6 46. Rag2 b4 47.
Rxg6+ Kf7 48. Rg7+ Kf8 49. R7g5 Rb7 50. Rg8+ Kf7 51. R1g7+ Kf6 52. Rxb7 Nxb7 53.
Rb8 Nc5 54. Rxb4 Kg5 55. Rb6 Ne4 56. Rxa6 Kf4 57. Ra8 Ng5 58. Rd8 Nf3+ 59. Kc4
Nd2+ 60. Kd3 Ne4 61. Re8 Nf6 62. Re6 Nxd5 63. Rxd6 Ke5 64. Rh6 Nf6 65. Ke2 Ng4
66. Rh8 Kf4 67. h3 Nf6 68. Kf2 Kg5 69. Kf3 Kg6 70. h4 Nh5 71. Rf8 Ng7 72. Ra8
Nh5 73. Rh8 Ng7 74. Kf4 Nh5+ 75. Ke5 Ng7 76. Rf8 Kh6 77. Kf6 Nh5+ 78. Kxf5 Ng3+
79. Kg4 Ne4 80. Kf4 Nc5 81. Rf6+ Kg7 82. Rd6 Kf7 83. Ke5 Ke7 84. h5 Nb7 85. Rd5
Ke8 86. Kf6 Kf8 87. Rd7 Kg8 88. Rxb7 Kh8 89. Kg6 Kg8 90. Rb8# {Black checkmated}
1-0

[Event "Team 45 45 League T69"]
[Site "Internet Chess Club"]
[Date "2016.07.08"]
[Round "5"]
[White "bobhill"]
[Black "Vinesh1234"]
[Result "0-1"]
[WhiteElo "1788"]
[BlackElo "1690"]
[Opening "King's Indian: Torre attack"]
[ECO "A48"]
[Time "22:09:36"]
[TimeControl "2700+45"]

1. d4 Nf6 2. Nf3 g6 3. Bg5 Bg7 4. Nbd2 d6 5. e4 O-O 6. c3 c5 7. d5 a6 8. Bd3 b5
9. O-O Bb7 10. a4 c4 11. Bc2 Nbd7 12. Nd4 Qb6 13. Be3 Nc5 14. b4 cxb3 15. N4xb3
Nfd7 16. Nd4 Rfc8 17. Qe2 bxa4 18. Rfb1 Qc7 19. Bxa4 Nxa4 20. Rxa4 Nc5 21. Ra3
a5 22. Qg4 Ba6 23. h4 Rcb8 24. Rxb8+ Rxb8 25. h5 Nd7 26. hxg6 hxg6 27. Qh4 Ne5
28. f4 Nc4 29. Nxc4 Qxc4 30. Nc6 Rb1+ 31. Kh2 Qf1 32. Nxe7+ Kf8 33. Nxg6+ fxg6
34. Qd8+ Kf7 35. Qd7+ Kg8 36. Qe6+ Kh7 37. f5 Be5+ 38. Qxe5 dxe5 39. c4 Bxc4 40.
Rxa5 Qh1+ 41. Kg3 Qe1+ 42. Bf2 Qxa5 {White resigns} 0-1

[Event "Team 45 45 League T69"]
[Site "Internet Chess Club"]
[Date "2016.07.08"]
[Round "5"]
[White "gomeschess"]
[Black "Beetlejuice"]
[Result "1-0"]
[WhiteElo "2065"]
[BlackElo "1787"]
[Opening "Sicilian: Taimanov variation"]
[ECO "B48"]
[Time "13:01:32"]
[TimeControl "2700+45"]

1. e4 c5 2. Nf3 e6 3. d4 cxd4 4. Nxd4 Nc6 5. Nc3 Qc7 6. Be3 a6 7. Qd2 Nf6 8.
O-O-O Be7 9. f3 Nxd4 10. Qxd4 b5 11. e5 Ng8 12. Ne4 f6 13. Nd6+ Bxd6 14. exd6
Qb8 15. Bd3 Bb7 16. Rhe1 Kf7 17. Qg4 Bd5 18. Kb1 Qxd6 19. Bd2 Ne7 20. Bb4 h5 21.
Qxg7+ Kxg7 22. Bxd6 Nc6 23. a4 b4 24. Bc5 Kf7 25. Be4 Bxe4 26. Rxd7+ Ke8 27. Rd6
Bxc2+ 28. Kxc2 Rc8 29. Rexe6+ Kf7 30. Rxf6+ Kg7 31. Rxc6 {Black resigns} 1-0

[Event "Team 45 45 League T69"]
[Site "Internet Chess Club"]
[Date "2016.07.11"]
[Round "5"]
[White "kllrchris"]
[Black "zap2"]
[Result "1/2-1/2"]
[WhiteElo "1706"]
[BlackElo "1750"]
[Opening "Philidor: Improved Hanham variation"]
[ECO "B07"]
[Time "13:04:36"]
[TimeControl "2700+45"]

1. e4 d6 2. d4 Nf6 3. Nc3 e5 4. Nf3 Nbd7 5. Bc4 Be7 6. dxe5 dxe5 7. Bxf7+ Kxf7
8. Ng5+ Kg8 9. Ne6 Qe8 10. Nxc7 Qg6 11. Nxa8 Qxg2 12. Rf1 Nc5 13. Qe2 Bh3 14.
Be3 Qxf1+ 15. Qxf1 Bxf1 16. Kxf1 Kf7 17. Nc7 Rc8 18. N7d5 Ncxe4 19. Nxe7 Kxe7
20. Nxe4 Nxe4 21. c3 a6 22. Ke2 Ke6 {Game drawn by mutual agreement} 1/2-1/2

[Event "Team 45 45 League T69"]
[Site "Internet Chess Club"]
[Date "2016.07.08"]
[Round "5"]
[White "Portola"]
[Black "SimplyAbed"]
[Result "0-1"]
[WhiteElo "1820"]
[BlackElo "1471"]
[Opening "Queen's pawn game"]
[ECO "A45"]
[Time "19:00:49"]
[TimeControl "2700+45"]

1. d4 Nf6 2. c3 d5 3. Nf3 e6 4. Bg5 Be7 5. Nbd2 h6 6. Bf4 O-O 7. e3 c5 8. Bd3
Qb6 9. Rb1 Nc6 10. h3 Bd7 11. O-O cxd4 12. exd4 Kh8 13. Qe2 a6 14. Ne5 Nxe5 15.
Bxe5 Bb5 16. c4 dxc4 17. Nxc4 Bxc4 18. Bxc4 Nd7 19. Bd3 Nxe5 20. dxe5 Rad8 21.
Rfd1 Rd4 22. Bc2 Rxd1+ 23. Rxd1 Qxb2 24. Qe4 g6 25. Rb1 Qxa2 26. Rxb7 Qa1+ 27.
Bb1 Bc5 28. Qh4 Kg8 29. Qxh6 Qxe5 30. Qd2 a5 31. Rd7 a4 32. Qd1 a3 33. Rd2 Rb8
34. Bc2 a2 35. Re2 Qxe2 36. Qxe2 a1=Q+ 37. Kh2 Bd6+ 38. g3 Qe5 {White resigns}
0-1

[Event "Team 45 45 League T69"]
[Site "Internet Chess Club"]
[Date "2016.07.07"]
[Round "5"]
[White "Mitochondria"]
[Black "bradleyguo175"]
[Result "1/2-1/2"]
[WhiteElo "1569"]
[BlackElo "1614"]
[Opening "King's Indian: 6.Be2"]
[ECO "E91"]
[Time "20:00:49"]
[TimeControl "2700+45"]

1. d4 Nf6 2. c4 g6 3. Nc3 Bg7 4. e4 d6 5. Nf3 O-O 6. Be2 Nc6 7. d5 Nb4 8. a3 Na6
9. O-O Nc5 10. Nd2 e5 11. f3 Nh5 12. b4 Nd7 13. Rf2 Nf4 14. Bf1 Qg5 15. Kh1 Qh5
16. Nb3 Nb6 17. c5 Nd7 18. cxd6 cxd6 19. Nb5 a6 20. Nxd6 b5 21. Be3 f5 22. Rc1
Nf6 23. Nxc8 Raxc8 24. Nc5 fxe4 25. fxe4 Qxd1 26. Rxd1 Ng4 27. Rf3 Nxe3 28. Rxe3
a5 29. g3 Nh5 30. Bxb5 axb4 31. axb4 Rb8 32. Be2 Rxb4 33. Bxh5 gxh5 34. Ne6 Rf2
35. Nxg7 Kxg7 36. d6 Rbb2 37. Red3 Rxh2+ 38. Kg1 Rbg2+ 39. Kf1 Rf2+ 40. Kg1
Rfg2+ 41. Kf1 Rf2+ {Game drawn by mutual agreement} 1/2-1/2

[Event "Team 45 45 League T69"]
[Site "Internet Chess Club"]
[Date "2016.07.10"]
[Round "5"]
[White "drsigmund1"]
[Black "Scorpius"]
[Result "0-1"]
[WhiteElo "1479"]
[BlackElo "1367"]
[Opening "Queen's pawn game"]
[ECO "A46"]
[Time "21:00:14"]
[TimeControl "2700+45"]

1. d4 Nf6 2. Nf3 d6 3. Bf4 Nbd7 4. e3 g6 5. Nbd2 Bg7 6. Be2 O-O 7. O-O Qe8 8. e4
e5 9. dxe5 Nxe5 10. Nxe5 dxe5 11. Be3 b6 12. a4 Bb7 13. f3 Rd8 14. Qe1 Nh5 15.
Nc4 Nf4 16. Bd1 Ba6 17. b3 f5 18. g3 Ne6 19. Rf2 Bxc4 20. bxc4 fxe4 21. fxe4 Nd4
22. a5 Qc6 23. c3 Ne6 24. Bb3 Nc5 25. Bc2 Nxe4 26. Rxf8+ Rxf8 27. axb6 axb6 28.
Bb3 Nc5 29. Bc2 e4 30. Qd2 Qd6 31. Bd4 Ne6 32. Bxe4 Nxd4 33. Bd5+ Qxd5 34. Qxd4
{White resigns} 0-1

[Event "Team 45 45 League T69"]
[Site "Internet Chess Club"]
[Date "2016.07.07"]
[Round "5"]
[White "GrandUnified"]
[Black "Yedixon"]
[Result "0-1"]
[WhiteElo "1448"]
[BlackElo "1720"]
[Opening "Réti opening"]
[ECO "A04"]
[Time "20:03:29"]
[TimeControl "2700+45"]

1. Nf3 g6 2. g3 Bg7 3. Bg2 d5 4. c3 Nf6 5. O-O O-O 6. d3 Nbd7 7. Nbd2 Re8 8. Re1
e5 9. e4 Nc5 10. Qc2 dxe4 11. dxe4 Be6 12. Ng5 Nd3 13. Rd1 Ng4 14. Nxe6 Rxe6 15.
f3 Ne3 16. Qb3 Nxd1 17. Qxd1 Nxc1 18. Qxc1 Bh6 19. f4 exf4 20. Qc2 fxg3 21. hxg3
Qxd2 22. Qb3 Rb6 {White resigns} 0-1

[Event "Team 45 45 League T69"]
[Site "Internet Chess Club"]
[Date "2016.07.10"]
[Round "5"]
[White "mongmong"]
[Black "rayonline53"]
[Result "1/2-1/2"]
[WhiteElo "1470"]
[BlackElo "1373"]
[Opening "Queen's pawn game"]
[ECO "D04"]
[Time "18:30:50"]
[TimeControl "2700+45"]

1. d4 Nf6 2. Nf3 d5 3. e3 Bf5 4. c4 e6 5. Qb3 b6 6. Nc3 c6 7. cxd5 exd5 8. Nh4
Bg6 9. Nxg6 hxg6 10. Be2 Bd6 11. Bd2 Nbd7 12. h3 Qe7 13. Qd1 Ne4 14. Nxe4 dxe4
15. Bc3 Nf6 16. Qc2 O-O 17. O-O c5 18. dxc5 Bxc5 19. Rad1 Rad8 20. Rxd8 Rxd8 21.
Rd1 Rxd1+ 22. Qxd1 Bb4 23. Qb3 Bxc3 24. Qxc3 Nd7 25. b4 Ne5 26. Qd4 f5 27. a3
Kf7 28. Qd5+ Kf6 29. Bc4 Nxc4 30. Qxc4 Qd6 31. Qc2 g5 32. g3 g6 33. Kf1 Ke6 34.
Ke2 Qd7 35. Qc4+ Qd5 36. Qc8+ Qd7 37. Qg8+ Kf6 38. Qf8+ Ke5 39. Qh8+ Ke6 40.
Qg8+ Kf6 41. Qh8+ Ke6 42. Qg8+ Kf6 {Game drawn by repetition} 1/2-1/2

[Event "Team 45 45 League T69"]
[Site "Internet Chess Club"]
[Date "2016.07.08"]
[Round "5"]
[White "WOLFSPELZ"]
[Black "BrerRabbit"]
[Result "1/2-1/2"]
[WhiteElo "1438"]
[BlackElo "1438"]
[Opening "Old Indian defense"]
[ECO "A42"]
[Time "15:02:31"]
[TimeControl "2700+45"]

1. d4 d6 2. c4 e5 3. d5 f5 4. Nc3 Nf6 5. e3 Be7 6. Bd3 O-O 7. Nge2 a5 8. O-O Na6
9. f4 e4 10. Bc2 Nc5 11. a3 a4 12. Nd4 Bd7 13. b4 axb3 14. Nxb3 Qc8 15. Nxc5
dxc5 16. a4 Ne8 17. Ba3 Ra5 18. Rb1 Nd6 19. Qe2 Bf6 20. Bb2 Ra8 21. Nb5 Bxb5 22.
axb5 Bxb2 23. Rxb2 b6 24. Bb3 Ra3 25. Qc2 Qd7 26. Ra2 Rfa8 27. Rfa1 Rxa2 28.
Rxa2 Qc8 29. Qb1 Qb8 30. Qa1 Rxa2 31. Qxa2 Nb7 32. Qb2 Qe8 33. Qe5 Qxe5 34. fxe5
Kf8 35. Kf2 Ke7 36. Kg3 g5 37. h4 h6 38. Kh3 Nd8 39. g4 fxg4+ 40. Kxg4 gxh4 41.
Kxh4 Nf7 42. e6 Ne5 43. Kh5 Kf6 44. Kxh6 Ng4+ 45. Kh5 Nxe3 46. Kh4 Nf5+ 47. Kg4
e3 48. Kf3 Ke5 49. e7 Nxe7 50. Kxe3 {Game drawn by mutual agreement} 1/2-1/2

[Event "Team 45 45 League T69"]
[Site "Internet Chess Club"]
[Date "2016.07.10"]
[Round "5"]
[White "Ostap-Bender"]
[Black "Electryon"]
[Result "0-1"]
[WhiteElo "1360"]
[BlackElo "1462"]
[Opening "Dutch defense: Dutch-Indian (Nimzo-Dutch) variation"]
[ECO "A90"]
[Time "10:03:22"]
[TimeControl "2700+45"]

1. d4 e6 2. c4 f5 3. g3 Nf6 4. Bg2 Bb4+ 5. Bd2 Bxd2+ 6. Qxd2 d6 7. Nf3 Ne4 8.
Qc2 O-O 9. O-O Nc6 10. a3 e5 11. dxe5 dxe5 12. Rd1 Qf6 13. Nc3 Nxc3 14. Qxc3 f4
15. Nd2 fxg3 16. Ne4 gxf2+ 17. Kh1 Qe7 18. Rf1 Nd4 19. e3 Nf5 20. Rxf2 c6 21.
Raf1 Bd7 22. Ng3 Nxg3+ 23. hxg3 Rxf2 24. Rxf2 Qg5 25. e4 Qh5+ 26. Kg1 Qd1+ 27.
Rf1 Qd4+ 28. Kh2 Qxc3 29. bxc3 Rf8 30. c5 Rxf1 31. Bxf1 Bg4 32. Bh3 Bxh3 33.
Kxh3 Kf7 34. Kg4 Kg6 35. Kh4 Kh6 36. Kg4 g6 37. a4 a5 38. Kh4 Kg7 39. g4 h6 40.
Kg3 Kf7 41. Kh4 Ke7 42. Kg3 Kd7 43. Kh4 Kc7 44. Kg3 b5 45. cxb6+ Kxb6 46. Kf3
Kc5 47. Ke3 Kc4 48. Kd2 Kb3 49. Kd3 c5 50. c4 Kxa4 51. Kc3 Ka3 {White resigns}
0-1

[Event "Team 45 45 League T69"]
[Site "Internet Chess Club"]
[Date "2016.07.10"]
[Round "5"]
[White "clarinetref"]
[Black "fireball"]
[Result "0-1"]
[WhiteElo "1578"]
[BlackElo "1582"]
[Opening "French: exchange variation"]
[ECO "C01"]
[Time "22:03:38"]
[TimeControl "2700+45"]

1. e4 e6 2. d4 d5 3. exd5 exd5 4. Nf3 Nf6 5. Bd3 Bg4 6. h3 Bh5 7. Nc3 c6 8. Bd2
Bd6 9. Qe2+ Be7 10. O-O-O O-O 11. g4 Bg6 12. Bxg6 fxg6 13. Ne5 Nbd7 14. f4 Nxe5
15. dxe5 Nd7 16. Rdf1 Qc7 17. Qe1 g5 18. e6 Nc5 19. f5 b5 20. Ne2 Ne4 21. Ba5
Qe5 22. Bc3 Qd6 23. Rf3 b4 24. Bd2 a5 25. Ng3 Nc5 26. h4 gxh4 27. Ne2 Ne4 28.
Bf4 Qc5 29. Be3 Qc4 30. Kb1 a4 31. Bf2 b3 32. cxb3 axb3 33. Rxb3 Nxf2 34. Qxf2
Qxg4 35. Nd4 Qe4+ 36. Kc1 Qxh1+ 37. Kc2 Qe4+ 38. Kc3 Bf6 39. e7 Qxe7 40. Rb6 c5
{White resigns} 0-1

[Event "Team 45 45 League T69"]
[Site "Internet Chess Club"]
[Date "2016.07.11"]
[Round "5"]
[White "MartyJR"]
[Black "Gilguli"]
[Result "0-1"]
[WhiteElo "1449"]
[BlackElo "1409"]
[Opening "QGD: Albin counter-gambit"]
[ECO "D08"]
[Time "15:34:38"]
[TimeControl "2700+45"]

1. d4 d5 2. c4 e5 3. dxe5 d4 4. g3 Ne7 5. Nf3 Nbc6 6. Bg2 Ng6 7. O-O Ngxe5 8.
Nxe5 Nxe5 9. Nd2 Be7 10. Nf3 Nc6 11. b3 O-O 12. Bb2 Bf6 13. Qd2 Qd6 14. a4 Rd8
15. Ba3 Qe6 16. Rfe1 Be7 17. Bb2 Qd6 18. Ba3 Qf6 19. Bxe7 Qxe7 20. Qf4 Na5 21.
Nxd4 Rxd4 22. Qxd4 Nxb3 23. Qc3 Nxa1 24. Qxa1 c6 25. Qb2 Be6 26. Rb1 Rb8 27.
Bxc6 Bxc4 28. Bf3 b6 29. Rc1 Ba6 30. Rc3 Rd8 31. Qc2 Qe6 32. Re3 Qd7 33. Kg2 Rc8
34. Qe4 Rd8 35. Bg4 Qb7 36. Qxb7 Bxb7+ 37. Bf3 Bc8 38. Re7 a5 39. Bc6 Kf8 40.
Re3 Be6 41. Bb5 Rd4 42. Rd3 Rxd3 43. Bxd3 Ke7 44. Bb5 Kd6 45. Kf3 Kc5 46. Ke3
Kb4 47. Kd4 Bb3 48. Ke5 Bxa4 49. Bd3 f6+ 50. Kd4 Bb3 51. Bxh7 a4 52. Bd3 a3 53.
Bb1 Bd1 54. Kd5 Kb3 55. Kc6 Bc2 {White resigns} 0-1

[Event "Team 45 45 League T69"]
[Site "Internet Chess Club"]
[Date "2016.07.11"]
[Round "5"]
[White "Toalla"]
[Black "Aquaman"]
[Result "0-1"]
[WhiteElo "1264"]
[BlackElo "1366"]
[Opening "English opening"]
[ECO "A20"]
[Time "18:04:15"]
[TimeControl "2700+45"]

1. c4 e5 2. e4 Nf6 3. d3 Nc6 4. Nf3 d6 5. Bg5 Be7 6. Be2 O-O 7. O-O h6 8. Bxf6
Bxf6 9. Nbd2 Ne7 10. Rc1 Ng6 11. Nb3 b6 12. d4 exd4 13. Nbxd4 Bb7 14. Qc2 Re8
15. Bd3 Nf4 16. Rfe1 Nxd3 17. Qxd3 Bxd4 18. Qxd4 Bc8 19. Qd3 Bg4 20. b3 Qf6 21.
Rc2 Bxf3 22. Qxf3 Qxf3 23. gxf3 Re6 24. Kh1 Rf6 25. Rc3 Re8 26. Rg1 Re5 27. h4
h5 28. Kh2 Ree6 29. Rg3 Kh7 30. Kh3 Kh6 31. Rc1 Rf4 32. Rc3 f5 33. exf5 Rxf5 34.
Re3 Rfe5 35. f4 Re4 36. Rgf3 Re7 37. Kg3 R7e6 38. Kh3 Kg6 39. Kg3 Kf5 40. Kh3
Rg6 41. Rg3 Rxf4 42. Rxg6 Kxg6 43. Rg3+ Kf6 44. f3 Rd4 45. Rg5 g6 46. Rg2 Rd1
47. Kg3 Kf5 48. Re2 Rg1+ 49. Kh2 Ra1 50. Kg3 a5 51. a4 Kf6 52. f4 Ra3 53. Re3
Kf7 54. Kf3 Ra1 55. Kg2 Ra2+ 56. Kg3 Rd2 57. Rf3 d5 58. f5 dxc4 59. fxg6+ Kxg6
60. bxc4 c5 61. Re3 Kf6 62. Rf3+ Ke5 63. Re3+ Kd4 64. Kf3 Rd3 65. Rxd3+ Kxd3 66.
Kf4 Kxc4 67. Kg5 Kd4 68. Kxh5 c4 69. Kg4 c3 70. h5 c2 71. h6 c1=Q {White
resigns} 0-1

[Event "Team 45 45 League T69"]
[Site "Internet Chess Club"]
[Date "2016.07.10"]
[Round "5"]
[White "anishio"]
[Black "WascallyWabbit"]
[Result "1-0"]
[WhiteElo "1664"]
[BlackElo "1504"]
[Opening "Alekhine's defense"]
[ECO "B03"]
[Time "22:00:25"]
[TimeControl "2700+45"]

1. e4 Nf6 2. e5 Nd5 3. d4 d6 4. exd6 exd6 5. Nf3 Qe7+ 6. Be2 g6 7. O-O Bg7 8.
Re1 O-O 9. Bc4 Qd7 10. Bxd5 c6 11. Bb3 d5 12. Bf4 Qf5 13. Bg3 Be6 14. c3 Nd7 15.
Qe2 Rae8 16. Bd6 {Black resigns} 1-0

[Event "Team 45 45 League T69"]
[Site "Internet Chess Club"]
[Date "2016.07.08"]
[Round "5"]
[White "mongmong"]
[Black "tuantuan"]
[Result "0-1"]
[WhiteElo "1496"]
[BlackElo "1602"]
[Opening "Queen's pawn game"]
[ECO "D04"]
[Time "18:00:25"]
[TimeControl "2700+45"]

1. d4 Nf6 2. Nf3 d5 3. e3 Bg4 4. c4 e6 5. Nc3 g6 6. Qb3 dxc4 7. Bxc4 Bxf3 8.
gxf3 Nbd7 9. Qxb7 Bg7 10. e4 O-O 11. e5 Nh5 12. Qe4 Nb6 13. Bb3 a5 14. Na4 Qd7
15. Nc5 Qe7 16. Be3 a4 17. Bc2 Nc4 18. b3 axb3 19. Bxb3 Na5 20. O-O Nxb3 21.
Nxb3 f5 22. exf6 Nxf6 23. Qc2 Nd5 24. Qe2 e5 25. Kh1 exd4 26. Qc4 dxe3 27. Qxd5+
Kh8 28. Rae1 e2 29. Rg1 Bc3 30. Rc1 e1=Q 31. Rgxe1 Bxe1 32. Qd4+ Kg8 33. Qd5+
Kg7 34. Qd4+ Rf6 35. Nc5 {White resigns} 0-1